 Dungeon Crawl Stone Soup version 0.30-a0-782-ge64f9170bb (webtiles) character file.

Game seed: 3343859187849339889

80 sanka the Shooter (level 3, -2/45 HPs)
             Began as a Demigod Hunter on Feb 24, 2023.
             Slain by an orc wizard
             ... wielding a +0 dagger
              (4 damage)
             ... on level 3 of the Dungeon.
             The game lasted 00:02:49 (1457 turns).

sanka the Shooter (Demigod Hunter)                  Turns: 1457, Time: 00:02:49

Health: -2/45      AC:  4    Str: 16    XL:     3   Next: 98%
Magic:  5/5        EV: 13    Int: 10    God:
Gold:   136        SH:  0    Dex: 20    Spells: 2/2 levels left

rFire   . . .      SeeInvis .    a - +0 shortbow
rCold   x . .      Faith    .    (shield currently unavailable)
rNeg    + . .      Spirit   .    c - +0 leather armour
rPois   .          Reflect  .    (no helmet)
rElec   .          Harm     .    m - +0 cloak
rCorr   .          Rampage  .    (no gloves)
Will    .....                    (no boots) Stlth
                                 (no amulet)
HPRegen 0.27/turn                (no ring)
MPRegen 0.09/turn                d - ring of positive energy

@: mighty, berserking (expiring), very quick
A: high MP 1, forlorn, divine attributes, strong 1, evolution 1, cold
vulnerability 1
a: no special abilities


You were on level 3 of the Dungeon.
You visited 1 branch of the dungeon, and saw 3 of its levels.

You collected 136 gold pieces.


Innate Abilities, Weirdness & Mutations

You have an increased reservoir of magic. (+10% MP)
You shall have no god before yourself.
Your divine heritage dramatically boosts your attributes as you level up.
Your muscles are strong. (Str +4, Int/Dex -1)
You have hidden genetic potential.
You are vulnerable to cold. (rC-)


   Skills:
 + Level 2.8 Fighting
 + Level 4.2 Ranged Weapons
 + Level 2.7 Dodging
 - Level 0.8 Stealth


You had 2 spell levels left.
You didn't know any spells.
Your spell library contained the following spells:

 Spells                   Type           Power      Damage    Failure   Level
 Sandblast                Erth           0%         2d4       43%         1
 Passwall                 Tmut/Erth      0%         N/A       56%         2
 Stone Arrow              Conj/Erth      0%         3d7       80%         3

Inventory:

Hand Weapons
 a - a +0 shortbow (weapon)
Missiles
 o - 5 curare-tipped darts {=f}
Armour
 c - a +0 leather armour (worn)
 m - a +0 cloak (worn)
Jewellery
 d - a ring of positive energy (right hand)
Scrolls
 b - a scroll of immolation {!r}
 j - 2 scrolls of teleportation {unknown}
 l - 2 scrolls of identify {unknown}
 n - a scroll of silence {unknown}
 p - a scroll of fear {unknown}
Potions
 e - a potion of berserk rage {!q}
 f - a potion of invisibility {unknown}
 g - a potion of magic {unknown}
 h - a potion of mutation {!q}
 i - a potion of flight {unknown}
 k - a potion of cancellation {unknown}
 q - a potion of might
 r - a potion of resistance {unknown}
 s - a potion of attraction {unknown}

Dungeon Overview and Level Annotations

Branches:
Dungeon (3/15)

....▒▒▒ ......▒
..)..▒▒▒▒▒.
.)........▒
▒...▒... .
▒.....▒ .▒ ▒
▒.?...▒▒.▒▒.▒
▒){▒......
▒p....▒.▒
▒.......▒
▒▒..▒..▒▒▒▒▒▒▒
.▒▒▒...▒........▒
....
▒.....▒▒.▒▒▒▒▒.
(..▒ ▒▒....▒▒.▒
x©. .▒▒)..▒▒.▒
▒▒▒▒ ▒.▒▒..▒▒.▒
▒▒..▒ ▒5.▒..▒▒.▒


There were no monsters in sight!


Message History

You feel yourself moving faster!
You feel mighty! The orc closely misses you. Something barely misses you.
You hit the orc!
You kill the orc!
You feel less confused. Something hits you.
* * * LOW HITPOINT WARNING * * *
You clumsily bash something.
Something hits you but does no damage.
You miss something. Something hits you but does no damage.
You clumsily bash something.
Something barely misses you.
You completely miss something. Something hits you.
* * * LOW HITPOINT WARNING * * *
You closely miss something. Something hits you but does no damage.
You clumsily bash something but do no damage.
Something hits you.
* * * LOW HITPOINT WARNING * * *
You miss something.
You hear some strange, mumbled words.
A puff of flame appears from out of thin air!
The puff of flame misses you.
You closely miss something. Something hits you.
You die...

Action                     || total
---------------------------++-------
  Melee: Shortbow          ||    13
   Fire: Shortbow          ||   105
    Use: Potion            ||     3
 Armour: Leather armour    ||    13
  Dodge: Dodged            ||    28

Levels and vault maps discovered:
D:1:      heliophobic_arrival_glass_houses, layout_basic
D:2:      layout_basic, ebering_ecumenical_altar_box, basic_altar
D:3:      layout_loops_ring, gammafunk_ghost_abyssal_escape,
          hangedman_glass_teeth, uniq_grinder

Notes
Turn   | Place    | Note
-------+----------+-------------------------------------------
     0 | D:1      | sanka the Demigod Hunter began the quest for the Orb.
     0 | D:1      | Reached XP level 1. HP: 17/17 MP: 3/3
   148 | D:1      | Reached skill level 2 in Fighting
   211 | D:1      | Reached skill level 2 in Dodging
   251 | D:1      | Reached XP level 2. HP: 24/24 MP: 4/4
   908 | D:2      | Reached skill level 4 in Ranged Weapons
   908 | D:2      | Reached XP level 3. HP: 30/30 MP: 5/5
  1410 | D:3      | Noticed a small abomination
  1447 | D:3      | Gained mutation: You are vulnerable to cold. (rC-) [potion
                  | of mutation]
  1447 | D:3      | Gained mutation: Your muscles are strong. (Str +4, Int/Dex
                  | -1) [potion of mutation]
  1447 | D:3      | Gained mutation: You have hidden genetic potential. [potion
                  | of mutation]
  1449 | D:3      | HP: 4/45 [something (4)]
  1455 | D:3      | HP: 1/45 [something (1)]
  1457 | D:3      | Slain by an orc wizard

Vanquished Creatures
  An orc wizard (D:3)
  An adder (D:2)
  2 worms
  2 dart slugs
  2 orcs (D:3)
  7 endoplasms
  6 goblins
  A quokka (D:1)
  5 ball pythons
  A bat (D:1)
  A frilled lizard (D:2)
  4 kobolds
  3 rats
36 creatures vanquished.
